 Dungeon Crawl Stone Soup version 0.29-a0-275-g389c0b56f3 (webtiles) character file.

Game seed: 10083532326789030195

9491 testman the Fighter (level 11, -1/102 HPs)
             Began as a Palentonga Berserker on Mar 11, 2022.
             Was a High Priest of Trog.
             Slain by Erica
             ... wielding a +4 scimitar of flaming
              (10 damage)
             ... on level 9 of the Dungeon.
             The game lasted 00:39:42 (11668 turns).

testman the Fighter (Palentonga Berserker)         Turns: 11668, Time: 00:39:42

Health: -1/102     AC: 20    Str: 24    XL:     11   Next: 23%
Magic:  11/11      EV:  9    Int:  8    God:    Trog [*****.]
Gold:   308        SH:  0    Dex: 16    Spells: 10/10 levels left

rFire   + . .      SeeInvis +   e - +4 battleaxe (vorpal)
rCold   . . .      Faith    .   (shield currently unavailable)
rNeg    . . .      Spirit   .   z - +2 ring mail {rF+}
rPois   .          Reflect  .   (no helmet)
rElec   .          Harm     .   o - +0 cloak
rCorr   .          Rampage  .   F - +0 pair of gloves
Will    ++...                   (no barding)
Stlth   +.........              (no amulet)
HPRegen 1.27/turn               c - +4 ring of protection
MPRegen 0.12/turn               m - +6 ring of dexterity

@: lethally poisoned (-1 -> -1), strong-willed, on berserk cooldown,
regenerating, slowed, curled up, very slow
A: large, rugged brown scales 3, see invisible, deformed body, roll 1, armoured
tail, reflexive curl
a: Rolling Charge, Renounce Religion, Berserk, Trog's Hand, Brothers in Arms


You were on level 9 of the Dungeon.
You worshipped Trog.
Trog was extremely pleased with you.
You visited 1 branch of the dungeon, and saw 9 of its levels.

You collected 578 gold pieces.
You spent 270 gold pieces at shops.

Inventory:

Hand Weapons
 a - a +0 hand axe
 e - a +4 vorpal battleaxe (weapon)
 g - a +0 hunting sling
 p - a +0 war axe
 G - a +2 vorpal hand axe
Missiles
 d - 22 poisoned darts
 w - 14 boomerangs
 C - 5 throwing nets
 H - 4 atropa-tipped darts
Armour
 l - a +0 buckler
 o - a +0 cloak (worn)
 z - a +2 ring mail of fire resistance (worn)
 F - a +0 pair of gloves (worn)
Jewellery
 c - a +4 ring of protection (left hand)
 m - a +6 ring of dexterity (right hand)
Wands
 b - a wand of paralysis (6)
 y - a wand of mindburst (2)
 K - a wand of flame (3)
Scrolls
 h - 6 scrolls of identify
 i - a scroll of vulnerability
 k - 2 scrolls of enchant weapon
 r - a scroll of fog
 t - a scroll of blinking
 B - 6 scrolls of teleportation
 D - a scroll of silence
 I - a scroll of immolation
Potions
 f - 6 potions of curing
 j - a potion of cancellation
 n - a potion of haste
 s - 2 potions of might
 u - 2 potions of lignification
 v - a potion of brilliance
 x - 2 potions of attraction
 E - 2 potions of mutation
 J - a potion of flight {unknown}


   Skills:
 + Level 12.5 Fighting
 + Level 12.5 Axes
 - Level 1.5 Armour
 - Level 1.5 Dodging
 - Level 3.0 Shields


You had 10 spell levels left.
You didn't know any spells.
Your spell library was empty.

Dungeon Overview and Level Annotations

Branches:
Dungeon (9/15)             Temple (0/1) D:5            Lair (0/6) D:8
    Orc: D:9-12

Altars:
Ashenzari
Dithmenos
Fedhas
Kikubaaqudgha
Makhleb
Uskayaw
Vehumet
Xom
Yredelemnul
The Shining One

Shops:
D:1 *   D:5 ?

Annotations:
D:9 Erica


Innate Abilities, Weirdness & Mutations

You are completely covered in rugged brown scales. (AC +3, +7% HP)
You have supernaturally acute eyesight. (SInv)
Armour fits poorly on your strangely shaped body.
You can roll at nearby foes to attack.
You have a long armoured tail.
You curl defensively after being hit. (AC +7*)


Message History

The troll is almost dead.
You hear a shout!
The troll bites you but does no damage. The troll claws you. x2
A centaur comes into view.
You slice the troll!!
You kill the troll!
Trog accepts your kill.
The centaur wields a +0 shortbow.
The centaur shoots an arrow.
The arrow hits you.
The centaur shoots an arrow.
The arrow barely misses Erica.
The arrow closely misses you.
Erica points at you and mumbles some strange words.
The bolt of poison hits you!!
You are poisoned.
* * * LOW HITPOINT WARNING * * *
The centaur shoots an arrow.
The arrow closely misses Erica.
The arrow hits you but does no damage.
Okay, then.
Your ogre goes berserk!
You feel very sick.
The centaur shoots an arrow.
The arrow misses Erica.
The arrow hits you.
* * * LOW HITPOINT WARNING * * *
Erica gestures at you while chanting. You resist with almost no effort.
The centaur unwields a +0 shortbow.
The centaur barely misses your ogre. x2
Erica hits you with a +4 scimitar of flaming.
* * * LOW HITPOINT WARNING * * *
Okay, then.
You closely miss Erica.
You feel very sick.
The centaur wields a +0 shortbow.
The centaur shoots an arrow.
The arrow barely misses Erica.
The arrow hits you.
* * * LOW HITPOINT WARNING * * *
Your ogre hits the centaur with a +0 giant club!
Erica hits you with a +4 scimitar of flaming.
* * * LOW HITPOINT WARNING * * *
Your ogre closely misses the two-headed ogre.
You feel very sick.
Your ogre barely misses the two-headed ogre.
Erica hits you with a +4 scimitar of flaming!
You die...

....# ##..# ....##
#..# .....# ##.##
.....## #..# ......#
##.## ......## #..#
.......# # ##.#
.).....##..##O######.#
........#....O)@@..#.#
##......###########'.#
....... .........#
....... ..#.#..###
....... ...# .#.....
..### .#....# #


You could see Erica (invisible), a two-headed ogre (ally target) and a friendly
ogre (summoned, berserk).

Vanquished Creatures
  Harold (D:9)
  2 centaur warriors (D:9)
  A tengu warrior (D:9)
  Maurice (D:9)
  A troll (D:9)
  A wraith (D:9)
  4 wyverns
  2 vampires
  9 yaks
  A steam dragon (D:7)
  Edmund (D:3)
  2 acid dragons
  A water moccasin (D:5)
  2 orc warriors
  2 sky beasts (D:5)
  A black bear (D:8)
  An ogre (D:6)
  A phantom (D:5)
  5 centaurs
  Blork the orc (D:5)
  A kobold brigand (D:8)
  A gnoll sergeant (D:9)
  A necrophage (D:7)
  15 wights
  3 killer bees (D:7)
  9 howler monkeys
  The ghost of Aneyh the Slasher, a weakling TeMo (D:3)
  9 orc priests
  A hound (D:5)
  A gnoll shaman (D:5)
  A jelly (D:7)
  Jessica (D:3)
  3 iguanas
  Ijyb (D:4)
  9 orc wizards
  Natasha (twice) (D:4)
  Robin (D:3)
  14 gnolls
  10 adders
  A shadow imp (D:8)
  3 white imps
  2 worms
  2 dart slugs
  46 orcs
  6 bats
  8 endoplasms
  2 giant cockroaches
  14 goblins
  12 hobgoblins
  2 jackals (D:4)
  5 ball pythons
  3 frilled lizards
  12 kobolds
  4 rats
  A bush (D:8)
247 creatures vanquished.

Vanquished Creatures (others)
  7 plants (D:2)
7 creatures vanquished.

Grand Total: 254 creatures vanquished

Notes
Turn   | Place    | Note
-------+----------+-------------------------------------------
     0 | D:1      | testman the Palentonga Berserker began the quest for the
                  | Orb.
     0 | D:1      | Reached XP level 1. HP: 19/19 MP: 1/1
    43 | D:1      | Found Kodd's Assorted Antiques.
   331 | D:1      | Reached XP level 2. HP: 25/25 MP: 2/2
   417 | D:1      | Found a faded altar of an unknown god.
  1398 | D:2      | Reached XP level 3. HP: 26/32 MP: 3/3
  1496 | D:2      | Reached ** piety under Trog
  1615 | D:2      | Identified the -2 pair of gloves of Iruh {Will+}
  2233 | D:3      | Reached XP level 4. HP: 28/39 MP: 4/4
  2233 | D:3      | Noticed Jessica
  2237 | D:3      | Killed Jessica
  2238 | D:3      | Reached XP level 5. HP: 25/46 MP: 5/5
  2650 | D:3      | Reached skill level 5 in Fighting
  2650 | D:3      | Reached skill level 5 in Axes
  2671 | D:3      | Found a broken altar of Ashenzari.
  2759 | D:3      | Noticed Robin
  2762 | D:3      | Killed Robin
  2770 | D:3      | Reached *** piety under Trog
  2858 | D:3      | Found a runed translucent door.
  2859 | D:3      | Noticed Aneyh's ghost (weakling TeMo)
  2873 | D:3      | Killed Aneyh's ghost
  2874 | D:3      | Reached XP level 6. HP: 50/54 MP: 6/6
  3185 | D:4      | Noticed Edmund
  3271 | D:3      | Killed Edmund
  3581 | D:4      | Noticed an acid dragon
  3584 | D:4      | Noticed Natasha
  3590 | D:4      | Killed an acid dragon
  3591 | D:4      | Gained mutation: You curl defensively after being hit. (AC
                  | +7*) [Palentonga growth]
  3591 | D:4      | Reached XP level 7. HP: 11/62 MP: 7/7
  3594 | D:4      | Killed Natasha
  3601 | D:4      | Noticed Ijyb
  3621 | D:4      | Killed Ijyb
  3971 | D:4      | Found a basalt altar of Yredelemnul.
  4071 | D:5      | Entered Level 5 of the Dungeon
  4083 | D:5      | Found a blossoming altar of Fedhas.
  4097 | D:5      | Identified the +3 rapier of Woaj {flame, *Noise rN+ SInv}
  4114 | D:5      | Found a hide-covered altar of Uskayaw.
  4205 | D:5      | Noticed a wyvern
  4213 | D:5      | Killed a wyvern
  4307 | D:5      | Found a staircase to the Ecumenical Temple.
  4317 | D:5      | Noticed Blork the orc
  4323 | D:5      | Killed Blork the orc
  4324 | D:5      | Reached XP level 8. HP: 65/71 MP: 8/8
  4362 | D:5      | Found Nolu Iqu's Magic Scroll Emporium.
  4508 | D:4      | Noticed Natasha
  4513 | D:4      | Killed Natasha
  4691 | D:5      | Reached **** piety under Trog
  4803 | D:5      | Bought a scroll of enchant weapon for 90 gold pieces
  4803 | D:5      | Bought a scroll of identify for 24 gold pieces
  4803 | D:5      | Bought a scroll of identify for 24 gold pieces
  4803 | D:5      | Bought a scroll of fear for 42 gold pieces
  4803 | D:5      | Bought a scroll of blinking for 90 gold pieces
  4885 | D:5      | Found a glowing golden altar of the Shining One.
  4885 | D:5      | Found a radiant altar of Vehumet.
  4886 | D:5      | Found a shimmering altar of Xom.
  5575 | D:6      | Reached XP level 9. HP: 52/81 MP: 9/9
  6900 | D:7      | Reached skill level 10 in Fighting
  6900 | D:7      | Reached skill level 10 in Axes
  6922 | D:7      | Reached ***** piety under Trog
  7658 | D:8      | Reached XP level 10. HP: 80/92 MP: 10/10
  7758 | D:8      | Found a shadowy altar of Dithmenos.
  8263 | D:8      | Found an ancient bone altar of Kikubaaqudgha.
  8264 | D:8      | Found a staircase to the Lair.
 10340 | D:9      | Found a burning altar of Makhleb.
 10354 | D:9      | Noticed Harold
 10364 | D:9      | Killed Harold
 10365 | D:9      | Reached skill level 1 in Shields
 10594 | D:9      | Noticed Maurice
 10603 | D:9      | Noticed a tengu warrior
 11209 | D:9      | Killed Maurice
 11218 | D:9      | Killed a tengu warrior
 11391 | D:9      | Received a gift from Trog
 11398 | D:9      | Reached XP level 11. HP: 59/101 MP: 11/11
 11641 | D:9      | Noticed a centaur warrior
 11642 | D:9      | Noticed a centaur warrior
 11643 | D:9      | Noticed Erica
 11653 | D:9      | Killed a centaur warrior
 11659 | D:9      | Killed a centaur warrior
 11662 | D:9      | Noticed a two-headed ogre
 11668 | D:9      | Slain by Erica

Illustrated notes

Levels and vault maps discovered:
D:1:      mrwooster_arrival_statue_2, layout_basic, serial_shops, shop,
          basic_ecumenical_altar, hangedman_decor_push
D:2:      layout_basic, chequers_big_river, grunt_decor_mini_mirrors,
          chequers_decorated_corner
D:3:      layout_loops_ring, nicolae_overflow_hidden_temple,
          ebering_ghost_reflecting_pool, uniq_robin, uniq_jessica
D:4:      layout_cave_pools, mainiacjoe_overflow_alcove_4, kennysheep_diamond,
          minmay_fractal_squares_diagonal_5, uniq_natasha, uniq_ijyb,
          uniq_edmund
D:5:      layout_rooms, nicolae_overflow_crystal_walls, lemuel_round_altar,
          gammafunk_temple_overflow_claw, minmay_temple_entry_mist,
          serial_shops, nicolae_shop_advertising_works
          [nicolae_subvault_shop_adworks], uniq_blork_the_orc
D:6:      layout_basic, cheibrodos_sewer_entry_bend,
          chequers_serial_rivers_micro_b
D:7:      layout_rooms
D:8:      layout_basic, mainiacjoe_overflow_tiny_flanked,
          mainiacjoe_overflow_boulevard, lair_entry_dummy,
          kb_lookout_dungeons_type
D:9:      minmay_the_grid_triangle_9x9_rhombus_thin_mashed
          [minmay_the_grid_triangle_9x9_odd_lines,
          minmay_the_grid_triangle_9x9_prize_schism,
          minmay_the_grid_triangle_9x9_cache,
          minmay_the_grid_triangle_9x9_checkered], layout_cave_pools,
          mainiacjoe_overflow_alcove_1, mainiacjoe_overflow_surrounded_room,
          uniq_erica, uniq_maurice, uniq_harold

Skill      XL: |  1  2  3  4  5  6  7  8  9 10 |
---------------+-------------------------------+-----
Fighting       | 4 5 6 7 9 10 12 | 12.5
Axes           | 4 5 6 7 8 10 12 | 12.5
Shields        | 3 |  3.0
Armour         | |  1.5
Dodging        | |  1.5

Action                   |  1- 3 |  4- 6 |  7- 9 | 10-12 || total
-------------------------+-------+-------+-------+-------++-------
Melee: Hand axe          |    96 |     5 |    38 |   227 ||   366
       Tailslap          |     7 |    13 |    53 |    48 ||   121
       Punch             |     3 |       |       |     4 ||     7
       War axe           |       |   103 |   283 |       ||   386
       Battleaxe         |       |       |       |    21 ||    21
Throw: Dart              |       |       |     2 |       ||     2
Invok: Berserk           |       |     2 |     3 |     5 ||    10
       Trog's Hand       |       |       |     3 |     1 ||     4
       Brothers in Arms  |       |       |       |     1 ||     1
 Abil: Rolling Charge    |    27 |    20 |    48 |    26 ||   121
  Use: Potion            |       |       |     4 |     5 ||     9
       Scroll            |       |       |    14 |     2 ||    16
Armor: Animal skin       |    50 |    40 |     5 |       ||    95
       Ring mail         |       |       |   141 |   124 ||   265
Dodge: Dodged            |    37 |    56 |   153 |    96 ||   342
Block: Buckler           |       |       |       |     9 ||     9

Table legend: (Time is in decaauts)
 A = Elapsed time spent in this place.
 B = Non-inter-level travel time spent in this place.
 C = Inter-level travel time spent in this place.
 D = Time resting spent in this place.
 E = Time spent auto-exploring this place.
 F = Levels seen in this place.
 G = Mean time per level.
                   A        B        C        D        E       F      G
               +--------+--------+--------+--------+--------+-----+--------+
         Total |  11747 |  11229 |    518 |   3509 |   5974 |   9 | 1305.2 |
       Dungeon |  11747 |  11229 |    518 |   3509 |   5974 |   9 | 1305.2 |
               +--------+--------+--------+--------+--------+-----+--------+

Top non-repeatable levels by time:
     D:8: 3062 daAuts
     D:6: 1626 daAuts
     D:3: 1201 daAuts
     D:2: 1091 daAuts
     D:4: 1091 daAuts
     D:1: 1004 daAuts
     D:9: 944 daAuts
     D:7: 905 daAuts
     D:5: 819 daAuts
